 Dungeon Crawl Stone Soup version 0.26-a0-831-g7192265339 (webtiles) character file.

Game seed: 12125764782288345980

478716 marklar909 the Devastator (level 23, 0/196 HPs)
             Began as a Green Draconian Conjurer on Nov 15, 2020.
             Was the Champion of Vehumet.
             Slain by a caustic shrike (26 damage)
             ... on level 5 of the Depths on Nov 16, 2020.
             The game lasted 04:10:37 (104907 turns).

marklar909 the Devastator (DrCj)                  Turns: 104907, Time: 04:10:38

Health: 0/196      AC: 18    Str: 12    XL:     23   Next: 66%
Magic:  38/53      EV: 15    Int: 23    God:    Vehumet [******]
Gold:   4314       SH: 19    Dex:  5    Spells: 11/57 levels left

rFire    + + .     SeeInvis +   T - staff of fire
rCold    + + +     Faith    .   P - +3 kite shield of Nemelex Xobeh's Favour {MR+}
rNeg     . . .     Spirit   .   (armour unavailable)
rPois    +         Reflect  +   N - +2 hat
rElec    +         Harm     .   K - +2 cloak {rPois}
rCorr    .         Rampage  .   t - +2 pair of gloves
MR       +++..     Rnd*Rage +   j - +2 pair of boots
Stlth    +++.......             s - amulet of reflection
HPRegen  0.42/turn              C - ring of the Traitor {rElec rC+++ MP+9 Dex-4 SInv}
MPRegen  0.33/turn              q - ring of protection from magic

@: corroded, flying, studying Evocations
A: breathe noxious fumes, unfitting armour, big wings, stinger 1, talons 1,
berserk 1, clumsy 1, dopey 1, fire resistance 1, sense surroundings 1, poison
resistance, cold-blooded, AC +11
}: 2/15 runes: decaying, gossamer
a: Breathe Noxious Fumes, Stop Flying, Renounce Religion


You were on level 5 of the Depths.
You worshipped Vehumet.
Vehumet was exalted by your worship.
You visited 9 branches of the dungeon, and saw 44 of its levels.

You collected 9899 gold pieces.
You spent 5585 gold pieces at shops.

Inventory:

Armour
 j - a +2 pair of boots (worn)
 t - a +2 pair of gloves (worn)
 K - a +2 cloak of poison resistance (worn)
 N - a +2 hat (worn)
 P - the +3 kite shield of Nemelex Xobeh's Favour (worn) {MR+}
   (You found it on level 1 of the Spider Nest)

   It affects your resistance to hostile enchantments.
Magical Staves
 T - an uncursed staff of fire (weapon)
Jewellery
 q - a ring of protection from magic (right hand)
 s - an amulet of reflection (around neck)
 C - the ring of the Traitor (left hand) {rElec rC+++ MP+9 Dex-4 SInv}
   (You acquired it on level 4 of the Lair of Beasts)

   [ring of magical power]

   It affects your dexterity (-4).
   It renders you almost immune to cold.
   It insulates you from electricity.
   It affects your magic capacity (+9).
   It lets you see invisible.
Wands
 f - a wand of enslavement (16)
 k - a wand of disintegration (29)
 n - a wand of acid (52)
 y - a wand of iceblast (60)
 F - a wand of digging (12)
 Q - a wand of flame (26)
Scrolls
 a - 26 scrolls of identify
 b - 10 scrolls of magic mapping
 c - 20 scrolls of teleportation
 d - 8 scrolls of immolation
 e - 25 scrolls of remove curse
 h - 2 scrolls of amnesia
 m - 9 scrolls of fog
 p - 3 scrolls of enchant armour
 D - 7 scrolls of fear
 H - 7 scrolls of blinking
 J - a scroll of summoning
 W - 2 scrolls of holy word
Potions
 g - 4 potions of cancellation
 i - 11 potions of ambrosia
 l - 11 potions of curing
 o - 5 potions of lignification
 r - 6 potions of attraction
 u - a potion of resistance
 v - a potion of magic
 w - 3 potions of mutation
 x - 11 potions of flight
 z - 5 potions of haste
 A - 5 potions of brilliance
 B - 4 potions of invisibility
 E - 3 potions of heal wounds
 M - 8 potions of might
Books
 O - a manual of Evocations
Miscellaneous
 G - a lightning rod (4/4)
 I - a phial of floods
 L - a tin of tremorstones (2/2)
 U - a phantom mirror
 Z - a box of beasts


   Skills:
 * Level 14.7 Fighting
 * Level 7.5 Staves
 + Level 14.5 Dodging
 + Level 5.7 Stealth
 + Level 12.1 Shields
 + Level 2.9 Unarmed Combat
 - Level 17.7 Spellcasting
 + Level 19.1 Conjurations
 + Level 8.1 Summonings
 + Level 6.4 Translocations
 + Level 9.6 Transmutations
 * Level 10.4 Fire Magic
 + Level 11.7 Air Magic
 + Level 9.6 Earth Magic
   Level 3.3 Poison Magic
 + Level 6.6 Evocations


You had 11 spell levels left.
You knew the following spells:

 Your Spells              Type           Power        Failure   Level
a - Statue Form           Tmut/Erth      ######...    11%         6
b - Conjure Ball Lightni  Conj/Air       ######....   1%          6
c - Spellforged Servitor  Conj/Summ      ######....   3%          7
d - Orb of Destruction    Conj           #######...   1%          7
e - Iskenderun's Mystic   Conj/Tloc      ######..     1%          4
g - Blink                 Tloc           N/A          1%          2
h - Iron Shot             Conj/Erth      ######....   1%          6
j - Ignition              Fire           #######...   58%         8

Your spell library contained the following spells:

 Spells                   Type           Power        Failure   Level
 Lehudib's Crystal Spear  Conj/Erth      ######....   17%         8
 Fire Storm               Conj/Fire      #######...   88%         9
 Shatter                  Erth           ######....   100%        9
 Foxfire                  Conj/Fire      ####         0%          1
 Magic Dart               Conj           ####         0%          1
 Shock                    Conj/Air       ####         0%          1
 Searing Ray              Conj           ######       0%          2
 Static Discharge         Conj/Air       ######..     0%          3
 Apportation              Tloc           ######       1%          1
 Beastly Appendage        Tmut           ######       1%          1
 Freeze                   Ice            ###.         1%          1
 Sting                    Tmut/Pois      ####         1%          1
 Summon Small Mammal      Summ           ####         1%          1
 Call Imp                 Summ           ######..     1%          2
 Corpse Rot               Necr/Air       N/A          1%          2
 Poisonous Vapours        Pois/Air       ######       1%          2
 Swiftness                Air            ######..     1%          2
 Wereblood                Tmut           ######..     1%          2
 Call Canine Familiar     Summ           ######..     1%          3
 Conjure Flame            Conj/Fire      #######.     1%          3
 Dazzling Flash           Conj/Hex       ######       1%          3
 Gell's Gravitas          Tloc           ######....   1%          3
 Ignite Poison            Fire/Tmut/Pois ######..     1%          3
 Inner Flame              Hex/Fire       ######..     1%          3
 Lesser Beckoning         Tloc           ######....   1%          3
 Mephitic Cloud           Conj/Pois/Air  ######..     1%          3
 Spider Form              Tmut/Pois      ######....   1%          3
 Stone Arrow              Conj/Erth      ######       1%          3
 Airstrike                Air            ######....   1%          4
 Fulminant Prism          Conj/Hex       ######....   1%          4
 Hailstorm                Conj/Ice       ######..     1%          4
 Petrify                  Tmut/Erth      ######..     1%          4
 Summon Lightning Spire   Summ/Air       ######..     1%          4
 Blade Hands              Tmut           ######....   1%          5
 Bolt of Magma            Conj/Fire/Erth #######...   1%          5
 Fireball                 Conj/Fire      #######...   1%          5
 Irradiate                Conj/Tmut      ######....   1%          5
 Lightning Bolt           Conj/Air       ######....   1%          5
 Summon Guardian Golem    Hex/Summ       #####...     2%          3
 Freezing Cloud           Conj/Ice/Air   ######....   2%          6
 Animate Skeleton         Necr           ###...       3%          1
 Corona                   Hex            ###....      3%          1
 Frozen Ramparts          Ice            ###...       3%          3
 Summon Demon             Summ           ######....   3%          5
 Leda's Liquefaction      Hex/Erth       #####.....   4%          4
 Yara's Violent Unravell  Hex/Tmut       #####.....   4%          5
 Slow                     Hex            ###.....     5%          2
 Ice Form                 Ice/Tmut       #####...     5%          4
 Summon Forest            Summ/Tloc      ######....   5%          5
 Summon Ice Beast         Ice/Summ       #####...     7%          4
 Alistair's Intoxication  Tmut/Pois      ######...    8%          5
 Silence                  Hex/Air        #####.....   10%         5
 Confusing Touch          Hex            ###.....     11%         3
 Ozocubu's Armour         Ice            ###.....     11%         3
 Tukima's Dance           Hex            ###.....     11%         3
 Hydra Form               Tmut           ######....   11%         6
 Animate Dead             Necr           ###.......   36%         4
 Dispersal                Tloc           ######....   36%         6
 Eringya's Noxious Bog    Tmut/Pois      ######....   38%         6
 Metabolic Englaciation   Hex/Ice        ###.......   71%         5
 Monstrous Menagerie      Summ           ######....   75%         7
 Summon Greater Demon     Summ           ######....   75%         7
 Summon Hydra             Summ           ######....   75%         7
 Malign Gateway           Summ/Tloc      ######....   85%         7
 Invisibility             Hex            ###.....     99%         6
 Tornado                  Air            ######....   99%         9
 Summon Horrible Things   Summ           ######....   100%        8


Dungeon Overview and Level Annotations

Branches:
Dungeon (15/15)            Temple (1/1) D:5            Lair (6/6) D:9
  Swamp (4/4) Lair:4       Spider (4/4) Lair:3        Slime (0/5) Lair:6
    Orc (2/2) D:11            Elf (3/3) Orc:2        Vaults (4/5) D:14
  Crypt (0/3) Vaults:2     Depths (5/5) D:15            Zot (0/5) Depths:5

Altars:
Ashenzari
Cheibriados
Dithmenos
Elyvilon
Fedhas
Gozag
Hepliaklqana
Kikubaaqudgha
Makhleb
Nemelex Xobeh
Okawaru
Qazlal
Ru
Sif Muna
Trog
Uskayaw
Vehumet
Wu Jian
Xom
Yredelemnul
Zin
The Shining One
Beogh

Shops:
D:6 =   D:8 *   D:14 (   Orc:2 ?!:?   Elf:1 }   Elf:3 ?   Vaults:3 [
Depths:1 ?   Depths:2 (?   Depths:4 [*[

Portals:
Hell: Lair:6 Depths:1 Depths:2 Depths:3 Depths:4 Depths:5
Abyss: Depths:1 Depths:4
Pandemonium: Depths:3
Ziggurat: Depths:1
Trove: Depths:1 (give 2 scrolls of acquirement)

Annotations:
Swamp:3 2 runed translucent doors, Meejax's ghost, adept DsGl


Innate Abilities, Weirdness & Mutations

You can breathe blasts of noxious fumes.
Your lurid green scales are hard. (AC +11)
You cannot fit into any form of body armour.
Your tail ends in a poisonous barb.
Your system is resistant to poisons. (rPois)
You are cold-blooded and may be slowed by cold attacks.
Your large and strong wings let you fly indefinitely.
You have sharp toenails.
You tend to lose your temper in combat.
You are clumsy. (Dex -2)
You are dopey. (Int -2)
Your flesh is heat resistant. (rF+)
You passively map a small area around you.


Message History

The blast of lightning engulfs the caustic shrike!
The caustic shrike is almost dead.
The caustic shrike claws you!! The acid corrodes you!
You are splashed with acid!
The caustic shrike claws you but does no damage.
The caustic shrike claws you!
* * * LOW HITPOINT WARNING * * *
You are splashed with acid.
* * * LOW HITPOINT WARNING * * *
You block the caustic shrike's attack. The caustic shrike barely misses you.
The caustic shrike claws you.
* * * LOW HITPOINT WARNING * * *
You are splashed with acid!
* * * LOW HITPOINT WARNING * * *
The caustic shrike claws you.
* * * LOW HITPOINT WARNING * * *
You are splashed with acid!
* * * LOW HITPOINT WARNING * * *
You block the caustic shrike's attack. The caustic shrike claws you!!
You die...

..(................#
...................#
.........≈≈≈≈≈≈≈≈≈.#
.........≈≈≈≈≈≈≈≈≈.#
.........≈≈####≈≈≈.#
.........≈≈# #≈≈≈.# .........≈≈#
#≈≈≈.# .........≈≈####b≈≈.#
......†..≈≈≈≈≈≈b@≈.# ###
...............bb..# #.#
#......#######'##### #.#
#......# ###(## #.# .......#
#....##############.# .......#
#...................#
.......#####.##.##############.#
.......+.....##.#
############'##
.......########.#
#.............#


You could see 4 caustic shrikes.

Vanquished Creatures
  An ancient lich (Depths:3)
  A juggernaut (Depths:5)
  Bai Suzhen (Swamp:3)
  A caustic shrike (Depths:5)
  Jory (Vaults:4)
  A golden dragon (Depths:5)
  Arachne (Spider:4)
  Jorgrun (Elf:1)
  A tentacled monstrosity (Swamp:4)
  2 deep elf master archers (Elf:3)
  A lich (Depths:3)
  A quicksilver dragon (Depths:4)
  2 deep elf blademasters
  2 tengu reavers
  5 fire giants
  Donald (Orc:2)
  12 deep elf sorcerers
  A draconian scorcher (Depths:5)
  An orc warlord (Orc:1)
  3 frost giants
  6 vault wardens
  Aizul (Spider:1)
  3 emperor scorpions (Spider:4)
  3 ghost moths (Spider:4)
  Louise (Spider:4)
  A draconian annihilator (Depths:4)
  11 ironheart preservers
  A reaper (Depths:3)
  6 deep elf elementalists (Elf:3)
  25 very ugly things
  5 entropy weavers
  Nessos (D:12)
  3 vampire knights
  10 stone giants
  A black draconian (Depths:5)
  12 deep elf annihilators
  A green draconian (Depths:5)
  7 deep elf demonologists
  A white draconian (Depths:5)
  A spark wasp (shapeshifter) (Depths:1)
  6 bunyips
  A dire elephant (Lair:6)
  A purple draconian (Depths:5)
  A spark wasp (Depths:3)
  An ettin (shapeshifter) (Depths:1)
  11 ettins
  4 deep elf death magi
  3 eleionomae
  2 green deaths (Swamp:4)
  A blizzard demon (Depths:3)
  Josephine (Lair:5)
  Snorg (Orc:2)
  A merfolk impaler (Depths:4)
  13 ice dragons
  4 great orbs of eyes
  13 yaktaur captains
  3 deep elf high priests (Elf:3)
  A shambling mangrove (Swamp:4)
  6 fire dragons
  4 rakshasas
  3 vault guards
  19 hydras
  A ghost crab (Swamp:4)
  7 centaur warriors
  8 boulder beetles
  A catoblepas (D:10)
  Erica (Orc:1)
  10 alligators
  A death knight (D:12)
  A death yak (shapeshifter) (Elf:3)
  44 two-headed ogres
  An alligator (shapeshifter) (Depths:4)
  A death yak (Lair:6)
  13 ogre magi
  3 deep troll shamans
  7 deep troll earth magi
  A queen ant (Lair:5)
  28 dancing weapons
  Urug (Orc:2)
  A thrashing horror (Swamp:4)
  2 goliath frogs
  A shock serpent (shapeshifter) (Vaults:4)
  2 orc high priests
  21 deep elf knights
  An iron troll (Depths:1)
  A sun demon (Lair:6)
  2 hell knights (Vaults:4)
  A fire crab (shapeshifter) (Depths:1)
  A shadow wraith (Vaults:2)
  12 skeletal warriors
  3 unseen horrors
  2 flayed ghosts
  An infernal demonspawn (Depths:3)
  A glowing orange brain (Depths:5)
  3 spriggan druids
  8 swamp dragons
  24 deep trolls
  13 wizards
  8 ironbrand convokers
  10 ball lightnings
  6 deep elf archers
  A wolf spider zombie (D:15)
  3 phantasmal warriors
  6 bog bodies
  2 necromancers (D:14)
  22 orc knights
  69 ugly things
  5 harpies (Vaults:4)
  4 orc sorcerers
  56 deep elf magi
  42 wolf spiders
  6 cyclopes
  A will-o-the-wisp (Swamp:4)
  A moth of wrath (Spider:3)
  18 orb spiders
  2 manticores
  Maurice (Orc:2)
  7 black mambas
  A faun (shapeshifter) (Vaults:2)
  A centaur zombie (D:13)
  2 guardian serpents (Depths:4)
  8 vault sentinels
  7 elephants
  5 spectral swamp worms (Depths:1)
  2 ice statues (Depths:3)
  A smoke demon (Lair:6)
  11 cane toads
  A gargoyle (D:14)
  9 torpor snails
  7 orange demons
  A rime drake (shapeshifter) (Depths:4)
  3 kobold demonologists
  2 yaktaurs (shapeshifter)
  4 rime drakes (Lair:6)
  77 yaktaurs
  6 freezing wraiths
  7 ice devils
  3 bloated husks
  20 komodo dragons
  15 demonic crawlers
  9 trolls
  2 polar bears
  2 tengu conjurers
  7 tyrant leeches
  A wind drake (shapeshifter) (Vaults:4)
  16 hornets
  A hornet (shapeshifter) (Depths:4)
  Prince Ribbit (Lair:1)
  35 jumping spiders
  A jumping spider (shapeshifter) (Depths:1)
  34 slime creatures
  A nameless horror (Depths:4)
  15 blink frogs
  A dream sheep (shapeshifter) (Vaults:2)
  5 dream sheep
  67 redbacks
  5 spriggans
  3 air elementals
  2 large abominations
  15 water elementals
  22 tarantellas
  A centaur simulacrum (D:10)
  A shadow (D:12)
  20 humans
  10 wraiths
  3 wyverns
  27 yaks
  3 fire elementals
  Grum (Lair:1)
  4 basilisks
  6 wargs
  7 vampire mosquitoes
  17 water moccasins
  2 swamp worms (shapeshifter)
  16 swamp worms
  16 soldier ants
  4 acid dragons
  5 hell hounds (Lair:6)
  4 swamp drakes
  67 orc warriors
  3 ice beasts
  2 black bears
  A sky beast (D:10)
  2 necrophages
  A phantom (D:4)
  An eye of draining (D:11)
  5 boggarts (Vaults:1)
  11 wolves
  45 ogres
  28 centaurs
  4 big kobolds
  A big kobold (shapeshifter) (Elf:2)
  4 earth elementals
  23 bullfrogs
  A small abomination (Swamp:4)
  A gnoll sergeant (D:9)
  7 scorpions
  6 killer bees
  A water moccasin skeleton (D:7)
  An orc simulacrum (Vaults:2)
  21 wights
  6 howler monkeys
  6 electric eels (D:6)
  2 crimson imps
  3 quasits (D:12)
  3 bullfrog zombies
  10 hounds
  5 jellies
  A human simulacrum (Vaults:3)
  Crazy Yiuf (D:2)
  22 orc priests
  8 centaur skeletons
  3 iguanas
  Jessica (D:3)
  2 bullfrog skeletons
  Terence (D:3)
  Natasha (thrice) (D:2)
  21 orc wizards
  24 worker ants
  7 hell rats (Lair:4)
  A killer bee zombie (D:7)
  2 hound skeletons
  A hound zombie (D:6)
  A howler monkey zombie (D:8)
  Robin (D:4)
  13 gnolls
  A howler monkey skeleton (D:9)
  14 adders
  3 shadow imps
  2 white imps (D:7)
  2 ufetubi
  An ooze (D:6)
  An adder zombie (D:10)
  2 adder skeletons
  2 worms
  A dart slug (D:5)
  7 leopard geckos
  129 orcs
  A ball python (D:3)
  7 bats
  6 giant cockroaches
  19 goblins
  16 hobgoblins
  6 jackals
  29 kobolds
  6 quokkas
  8 frilled lizards
  A jackal skeleton (D:6)
  A jackal zombie (D:5)
  A leopard gecko skeleton (D:4)
  A quokka skeleton (D:4)
  13 rats
  5 butterflies
  2 crawling corpses
  5 fire vortices (Depths:3)
2000 creatures vanquished.

Vanquished Creatures (collateral kills)
  Margery (Vaults:4)
  A golden dragon (Depths:4)
  3 sphinxes
  A tengu reaver (Vaults:3)
  A fire giant (Vaults:4)
  A vault warden (Vaults:4)
  2 frost giants
  An orc warlord (Vaults:2)
  A stone giant (Vaults:4)
  4 very ugly things (Depths:4)
  A spark wasp (Depths:3)
  2 ettins
  A fire dragon (Depths:5)
  2 great orbs of eyes
  A rakshasa (Vaults:3)
  3 ice dragons
  3 two-headed ogres
  A centaur warrior (Vaults:3)
  A dancing weapon (Elf:2)
  3 hell knights (Vaults:4)
  A flayed ghost (Vaults:3)
  A deep elf archer (Elf:2)
  5 ironbrand convokers
  6 deep elf magi
  An orc knight (Vaults:2)
  10 ugly things
  2 vault sentinels
  10 yaktaurs
  A freezing wraith (Vaults:4)
  A wind drake (shapeshifter) (Vaults:4)
  An ice devil (Depths:3)
  A slime creature (Vaults:1)
  A water elemental (Depths:4)
  3 ogres
  53 ball lightnings
  An orc wizard (Vaults:3)
  3 orcs (Vaults:2)
  A kobold (Depths:2)
  6 foxfires
142 creatures vanquished.

Vanquished Creatures (others)
  Mara (Vaults:4)
  A fire giant (Depths:2)
  A stone giant (Depths:2)
  A two-headed ogre (Vaults:3)
  A hornet (Swamp:3)
  A spriggan (Swamp:3)
  A swamp worm (Swamp:4)
  A floating eye (Depths:2)
  1978 ball lightnings
  A kobold (Depths:2)
  A bush (Lair:6)
  5 fire vortices (Depths:3)
  369 foxfires
  4 fulminant prisms
  46 fungi
  59 plants
2471 creatures vanquished.

Grand Total: 4613 creatures vanquished

Notes
Turn   | Place    | Note
-------+----------+-------------------------------------------
     0 | D:1      | marklar909 the Draconian Conjurer began the quest for the
                  | Orb.
     0 | D:1      | Reached XP level 1. HP: 14/14 MP: 3/3
   312 | D:1      | Reached XP level 2. HP: 20/20 MP: 0/5
   460 | D:1      | Found a sparkling altar of Nemelex Xobeh.
   527 | D:1      | Learned a level 2 spell: Searing Ray
  1307 | D:1      | Reached XP level 3. HP: 26/26 MP: 3/6
  1798 | D:2      | Noticed Natasha
  1804 | D:2      | Killed Natasha
  1805 | D:2      | Reached skill level 5 in Conjurations
  2028 | D:2      | Found a runed translucent door.
  2029 | D:2      | Noticed Crazy Yiuf
  2646 | D:2      | Noticed Natasha
  2652 | D:2      | Killed Natasha
  2653 | D:2      | Reached XP level 4. HP: 25/33 MP: 1/8
  2814 | D:2      | Noticed Natasha
  2821 | D:2      | Killed Natasha
  2901 | D:2      | Killed Crazy Yiuf
  2902 | D:2      | Reached XP level 5. HP: 38/38 MP: 4/9
  2950 | D:2      | Learned a level 4 spell: Fulminant Prism
  2989 | D:3      | Found a shimmering altar of Xom.
  3008 | D:3      | HP: 1/38 [orc/+0 hand axe (9)]
  3457 | D:3      | Noticed Jessica
  3459 | D:3      | Killed Jessica
  3905 | D:3      | Noticed Terence
  3910 | D:3      | Killed Terence
  4077 | D:3      | Reached XP level 6. HP: 46/46 MP: 7/11
  4257 | D:3      | Found an opulent altar of Gozag.
  4468 | D:3      | Reached skill level 1 in Unarmed Combat
  4904 | D:4      | Reached skill level 6 in Conjurations
  5291 | D:4      | Noticed Robin
  5515 | D:4      | Reached skill level 1 in Fighting
  5520 | D:4      | Killed Robin
  5664 | D:4      | Your scales start taking on a lurid green colour.
  5664 | D:4      | Reached XP level 7. HP: 52/52 MP: 4/13
  5664 | D:4      | Gained mutation: Your system is resistant to poisons.
                  | (rPois) [Green Draconian growth]
  6125 | D:4      | Found a burning altar of Makhleb.
  6272 | D:5      | Entered Level 5 of the Dungeon
  6676 | D:5      | Reached skill level 5 in Spellcasting
  6999 | D:5      | Found a staircase to the Ecumenical Temple.
  7196 | Temple   | Entered the Ecumenical Temple
  7512 | D:6      | Reached XP level 8. HP: 59/59 MP: 10/15
  7755 | D:6      | Reached skill level 7 in Conjurations
  8506 | D:6      | Found Cearyid's Jewellery Boutique.
  8910 | D:6      | Learned a level 4 spell: Iskenderun's Mystic Blast
  8914 | D:6      | Learned a level 3 spell: Mephitic Cloud
  9574 | D:6      | Reached XP level 9. HP: 70/70 MP: 10/18
 10788 | D:7      | Reached skill level 1 in Shields
 11137 | D:7      | Reached skill level 8 in Conjurations
 12030 | D:7      | Found an iron altar of Okawaru.
 12045 | D:7      | Reached skill level 5 in Fighting
 13032 | D:8      | Found a broken altar of Ashenzari.
 13184 | D:8      | Found Durach's General Store.
 13221 | D:8      | Bought a scroll of amnesia for 45 gold pieces
 13303 | D:8      | Found an ornate altar of the Wu Jian Council.
 13313 | D:8      | Found a shadowy altar of Dithmenos.
 13699 | D:9      | Found a staircase to the Lair.
 13756 | D:9      | Reached XP level 10. HP: 81/81 MP: 16/21
 14934 | D:9      | Found a radiant altar of Vehumet.
 14935 | D:9      | Found a hide-covered altar of Uskayaw.
 14935 | D:9      | Found a stormy altar of Qazlal.
 14936 | D:9      | Found a shimmering blue altar of Sif Muna.
 14938 | D:9      | Found a shadowy altar of Dithmenos.
 14939 | D:9      | Found a basalt altar of Yredelemnul.
 14946 | D:9      | Became a worshipper of Vehumet
 15032 | D:10     | Entered Level 10 of the Dungeon
 15399 | D:10     | Reached skill level 9 in Conjurations
 15873 | D:10     | Reached skill level 5 in Stealth
 16063 | D:10     | Noticed a two-headed ogre
 16065 | D:10     | Reached * piety under Vehumet
 16065 | D:10     | Offered knowledge of Foxfire by Vehumet.
 16066 | D:10     | Reached skill level 1 in Air Magic
 16073 | D:10     | Reached skill level 1 in Translocations
 16266 | D:10     | Killed a two-headed ogre
 16449 | D:10     | Noticed a rakshasa
 16459 | D:10     | Noticed an orc knight
 16461 | D:10     | Killed a rakshasa
 16462 | D:10     | Reached skill level 5 in Dodging
 16462 | D:10     | Reached skill level 1 in Evocations
 16462 | D:10     | Reached XP level 11. HP: 44/92 MP: 1/23
 17668 | D:10     | Killed an orc knight
 17669 | D:10     | Reached skill level 1 in Poison Magic
 17828 | D:10     | Noticed a two-headed ogre
 17851 | D:10     | Killed a two-headed ogre
 17852 | D:10     | Reached skill level 10 in Conjurations
 17921 | D:10     | Identified the +6 morningstar "Vanut" {vorpal, +Fly rF-
                  | Int+6}
 17921 | D:10     | Noticed a rakshasa
 17936 | D:10     | Killed a rakshasa
 17937 | D:10     | Noticed an orc knight
 17978 | D:10     | Killed an orc knight
 18379 | D:10     | Identified the +4 great sword of Checkmate {venom, +Fly rN+
                  | MR+}
 18742 | D:10     | Noticed a catoblepas
 18774 | D:10     | Killed a catoblepas
 18910 | D:10     | Learned a level 1 spell: Foxfire
 18913 | D:10     | Learned a level 2 spell: Blink
 19061 | D:11     | Reached ** piety under Vehumet
 19064 | D:11     | Offered knowledge of Shock by Vehumet.
 19829 | D:11     | Offered knowledge of Static Discharge by Vehumet.
 19949 | D:11     | Found a staircase to the Orcish Mines.
 20439 | Lair:1   | Entered Level 1 of the Lair of Beasts
 20449 | Lair:1   | Reached skill level 1 in Fire Magic
 20552 | Lair:1   | Noticed Prince Ribbit
 20570 | Lair:1   | Reached XP level 12. HP: 103/103 MP: 14/25
 20577 | Lair:1   | Killed Prince Ribbit
 20715 | Lair:1   | Noticed Grum
 20737 | Lair:1   | Killed Grum
 21450 | Lair:1   | Reached skill level 10 in Spellcasting
 21579 | Lair:2   | Reached skill level 11 in Conjurations
 21586 | Lair:2   | Reached *** piety under Vehumet
 21701 | Lair:2   | Reached skill level 5 in Shields
 22095 | Lair:2   | Noticed a five-headed hydra
 22105 | Lair:2   | Killed a five-headed hydra
 22286 | Lair:2   | Offered knowledge of Ignite Poison by Vehumet.
 22311 | Lair:2   | Learned a level 3 spell: Ignite Poison
 23662 | Lair:3   | Noticed a four-headed hydra
 23677 | Lair:3   | Killed a four-headed hydra
 23915 | Lair:3   | Found a hole to the Spider Nest.
 23988 | Lair:3   | Reached skill level 1 in Transmutations
 24000 | Lair:3   | Reached skill level 10 in Fighting
 24337 | Lair:4   | Found a staircase to the Swamp.
 24482 | Lair:4   | Noticed a six-headed hydra
 24492 | Lair:4   | Killed a six-headed hydra
 24511 | Lair:4   | Identified 2 scrolls of acquirement
 24511 | Lair:4   | Acquired a manual of Evocations
 24515 | Lair:4   | Acquired the ring of the Traitor {rElec rC+++ MP+9 Dex-4
                  | SInv}
 24777 | Lair:4   | Noticed a seven-headed hydra
 24781 | Lair:4   | Noticed a five-headed hydra
 24789 | Lair:4   | Killed a seven-headed hydra
 24790 | Lair:4   | Reached XP level 13. HP: 79/113 MP: 23/27
 25196 | Lair:4   | Reached **** piety under Vehumet
 25444 | Lair:4   | Reached skill level 12 in Conjurations
 25789 | Lair:4   | Offered knowledge of Fireball by Vehumet.
 25920 | Lair:4   | Found a snail-covered altar of Cheibriados.
 26358 | Lair:5   | Reached skill level 5 in Evocations
 26372 | Lair:4   | Learned a level 5 spell: Fireball
 26910 | Lair:5   | Noticed Josephine
 26916 | Lair:5   | Noticed an entropy weaver
 26918 | Lair:5   | Killed Josephine
 27225 | Lair:5   | Killed an entropy weaver
 27646 | Lair:5   | Noticed an entropy weaver
 27699 | Lair:5   | Reached ***** piety under Vehumet
 27786 | Lair:5   | Offered knowledge of Starburst by Vehumet.
 28284 | Lair:5   | Killed an entropy weaver
 29262 | Lair:6   | Entered Level 6 of the Lair of Beasts
 29970 | Lair:6   | Gained mutation: Your tail ends in a poisonous barb. [Green
                  | Draconian growth]
 29970 | Lair:6   | Reached XP level 14. HP: 124/124 MP: 29/29
 30106 | Lair:6   | Reached skill level 5 in Fire Magic
 30968 | Lair:6   | Reached skill level 13 in Conjurations
 31543 | Lair:6   | Offered knowledge of Lightning Bolt by Vehumet.
 32919 | Lair:6   | Found a staircase to the Slime Pits.
 33147 | Lair:6   | Found a burning altar of Makhleb.
 33153 | Lair:6   | Found a gateway to Hell.
 33714 | D:12     | Found a stormy altar of Qazlal.
 33915 | D:12     | Learned a level 5 spell: Lightning Bolt
 34647 | D:12     | Noticed Nessos
 34667 | D:12     | Killed Nessos
 35500 | Orc:1    | Entered Level 1 of the Orcish Mines
 35560 | Orc:1    | Found a bloodstained altar of Trog.
 35598 | Orc:2    | Entered Level 2 of the Orcish Mines
 35598 | Orc:2    | Noticed Urug
 35608 | Orc:2    | Killed Urug
 35847 | Orc:2    | Found a staircase to the Elven Halls.
 35894 | Orc:2    | Offered knowledge of Iron Shot by Vehumet.
 35920 | Orc:2    | Noticed Snorg
 36038 | Orc:2    | Killed Snorg
 36816 | Orc:2    | Reached XP level 15. HP: 118/134 MP: 15/31
 36821 | Orc:2    | Noticed Donald
 36850 | Orc:2    | Killed Donald
 37591 | Orc:2    | Found Cuus's Distillery.
 37591 | Orc:2    | Found Luopupa's Book Shop.
 37593 | Orc:2    | Found Jeggum's Magic Scroll Boutique.
 37595 | Orc:2    | Found Neghosae's Magic Scroll Shoppe.
 37599 | Orc:2    | Bought a potion of resistance for 140 gold pieces
 37599 | Orc:2    | Bought a potion of flight for 42 gold pieces
 37599 | Orc:2    | Bought a potion of curing for 42 gold pieces
 37599 | Orc:2    | Bought a potion of curing for 42 gold pieces
 37599 | Orc:2    | Bought a potion of heal wounds for 70 gold pieces
 37599 | Orc:2    | Bought a potion of curing for 42 gold pieces
 37599 | Orc:2    | Bought a potion of haste for 140 gold pieces
 37600 | Orc:2    | Bought a book of the Sky for 975 gold pieces
 37600 | Orc:2    | Bought a book of Clouds for 675 gold pieces
 37602 | Orc:2    | Bought a scroll of enchant armour for 90 gold pieces
 37602 | Orc:2    | Bought a scroll of teleportation for 36 gold pieces
 37607 | Orc:2    | Bought a scroll of noise for 18 gold pieces
 37607 | Orc:2    | Bought a scroll of identify for 36 gold pieces
 37793 | Orc:1    | Noticed Erica
 37793 | Orc:1    | Noticed Maurice
 37812 | Orc:2    | Learned a level 6 spell: Iron Shot
 37819 | Orc:2    | Learned a level 6 spell: Conjure Ball Lightning
 37832 | Orc:2    | Killed Maurice
 37985 | Orc:1    | Killed Erica
 38500 | Orc:1    | Noticed an orc warlord
 38516 | Orc:1    | Killed an orc warlord
 41382 | D:14     | Found Pyfu's Antique Weapon Boutique.
 41682 | D:14     | Offered knowledge of Bolt of Magma by Vehumet.
 42193 | D:14     | Reached skill level 14 in Conjurations
 42397 | D:14     | Found a gate to the Vaults.
 42594 | D:15     | Entered Level 15 of the Dungeon
 42606 | D:15     | Reached skill level 1 in Staves
 43967 | D:15     | Reached XP level 16. HP: 141/141 MP: 23/33
 44777 | D:15     | Found a staircase to the Depths.
 45095 | Swamp:1  | Entered Level 1 of the Swamp
 45111 | Swamp:1  | Reached skill level 1 in Earth Magic
 45835 | Swamp:1  | Offered knowledge of Orb of Destruction by Vehumet.
 45939 | Swamp:1  | Identified the Compendium of the Blaze and Unholy Magic
 46394 | Swamp:1  | Reached skill level 5 in Translocations
 47724 | Swamp:2  | Learned a level 7 spell: Orb of Destruction
 49015 | Swamp:3  | Noticed Bai Suzhen
 49061 | Swamp:2  | Got a pair of twisted gloves
 49062 | Swamp:2  | Identified the cursed +0 pair of gloves "Ydecvef" {rPois
                  | Str+2 SInv} (You found it on level 2 of the Swamp)
 49089 | Swamp:3  | Killed Bai Suzhen
 49233 | Swamp:3  | Found a large runed translucent door.
 49233 | Swamp:3  | Found a large runed translucent door.
 49234 | Swamp:3  | Noticed Meejax's ghost (adept DsGl)
 49613 | Swamp:4  | Entered Level 4 of the Swamp
 49616 | Swamp:4  | Reached skill level 15 in Conjurations
 50441 | Swamp:4  | Reached skill level 5 in Air Magic
 50763 | Swamp:4  | Offered knowledge of Iskenderun's Battlesphere by Vehumet.
 50922 | Swamp:4  | Reached XP level 17. HP: 130/148 MP: 29/35
 51000 | Swamp:4  | Noticed a tentacled monstrosity
 51023 | Swamp:4  | Killed a tentacled monstrosity
 51301 | Swamp:4  | Reached skill level 10 in Dodging
 52384 | Swamp:4  | Got a decaying rune of Zot
 52706 | Spider:1 | Entered Level 1 of the Spider Nest
 53011 | Orc:2    | Bought a scroll of acquirement for 936 gold pieces
 53011 | Orc:2    | Bought a scroll of teleportation for 54 gold pieces
 53011 | Orc:2    | Bought a scroll of blinking for 135 gold pieces
 53011 | Orc:2    | Bought a scroll of amnesia for 63 gold pieces
 53016 | Orc:2    | Bought a scroll of magic mapping for 42 gold pieces
 53016 | Orc:2    | Bought a scroll of fog for 24 gold pieces
 53187 | Spider:1 | Acquired an uncursed staff of conjuration
 53318 | Spider:1 | Noticed Aizul
 53324 | Spider:1 | Killed Aizul
 55533 | Spider:2 | Reached ****** piety under Vehumet
 55549 | Spider:2 | Offered knowledge of Spellforged Servitor by Vehumet.
 56478 | Spider:1 | Got an ancient kite shield
 56479 | Spider:1 | Identified the +3 kite shield of Nemelex Xobeh's Favour
                  | {MR+} (You found it on level 1 of the Spider Nest)
 56571 | Spider:2 | Learned a level 7 spell: Spellforged Servitor
 57380 | Spider:2 | Reached skill level 1 in Summonings
 58138 | Spider:3 | Reached skill level 15 in Spellcasting
 59973 | Spider:4 | Entered Level 4 of the Spider Nest
 60014 | Spider:4 | Reached skill level 16 in Conjurations
 60038 | Spider:4 | Reached XP level 18. HP: 69/156 MP: 29/37
 60080 | Spider:4 | Offered knowledge of Lehudib's Crystal Spear by Vehumet.
 60080 | Spider:4 | Offered knowledge of Fire Storm by Vehumet.
 60080 | Spider:4 | Offered knowledge of Shatter by Vehumet.
 60755 | Spider:4 | Noticed Louise
 60763 | Spider:4 | Killed Louise
 61434 | Spider:4 | Noticed Arachne
 61442 | Spider:4 | Killed Arachne
 63586 | Spider:4 | Got a gossamer rune of Zot
 63924 | Elf:1    | Entered Level 1 of the Elven Halls
 64280 | Elf:1    | Noticed Jorgrun
 64288 | Elf:1    | Killed Jorgrun
 65758 | Elf:1    | Found Raoruffo's Gadget Boutique.
 65782 | Elf:1    | Reached skill level 5 in Summonings
 67915 | Elf:2    | Found a runed translucent gate.
 67915 | Elf:2    | Found a runed translucent gate.
 67915 | Elf:2    | Found a runed translucent gate.
 68121 | Elf:2    | Reached XP level 19. HP: 143/162 MP: 36/38
 69327 | Elf:3    | Entered Level 3 of the Elven Halls
 70816 | Elf:3    | Reached skill level 17 in Conjurations
 71498 | Elf:3    | Reached skill level 10 in Shields
 71659 | Elf:2    | HP: 8/162 [poisoned by a deep elf annihilator (poison
                  | arrow)]
 71666 | Elf:2    | HP: 8/162 [poisoned by a deep elf annihilator (poison
                  | arrow)]
 72338 | Elf:3    | Identified the cursed ring of Oroumic {+Inv AC-4}
 72929 | Elf:3    | Identified the cursed +1 flail "Meryropa" {flame, rElec
                  | Str+4 Dex-2 SInv}
 73345 | Elf:3    | Found Ucwuebla's Magic Scroll Boutique.
 73353 | Elf:3    | Bought a scroll of identify for 22 gold pieces
 73487 | Elf:3    | Noticed a Tzitzimitl
 74439 | Elf:3    | Identified the Almanac of Shifting Orientation
 74452 | Elf:3    | Identified the Guide on Spatial Lightness
 74460 | Elf:3    | Got a flickering bone ring
 74462 | Elf:3    | Identified the Disquisition on the Entourage and Stones
 74538 | Elf:3    | Identified the ring of Ryliegy {rPois rC+ MP+9 Str+2} (You
                  | found it on level 3 of the Elven Halls)
 74872 | Elf:3    | Got a pair of bloodstained boots
 75004 | Orc:2    | Identified the cursed -5 pair of boots of the Lost Path
                  | {*Slow Regen+ Str+10 Dex+4} (You found it on level 3 of the
                  | Elven Halls)
 75140 | D:9      | Learned a level 6 spell: Statue Form
 75291 | Vaults:1 | Entered Level 1 of the Vaults
 75608 | Vaults:1 | Reached XP level 20. HP: 160/170 MP: 39/40
 76961 | Vaults:1 | You fall into a shaft and drop 1 floor!
 77820 | Vaults:2 | You fall into a shaft and drop 2 floors!
 77877 | Vaults:4 | Noticed Margery
 78641 | Vaults:4 | Reached skill level 5 in Transmutations
 79015 | Vaults:4 | Reached skill level 5 in Earth Magic
 79063 | Vaults:4 | Noticed Jory
 79885 | Vaults:4 | Killed Jory
 80507 | Vaults:4 | Killed Margery
 80515 | Vaults:4 | Identified the +10 morningstar of Mipir {vorpal, *Rage rF+
                  | rN+ Int+4}
 81361 | Vaults:4 | Reached XP level 21. HP: 129/178 MP: 42/42
 81478 | Vaults:4 | Reached skill level 10 in Air Magic
 82099 | Vaults:4 | Noticed Mara
 82102 | Vaults:4 | Noticed marklar909's illusion
 82102 | Vaults:4 | Identified the +2 spear "Yngiuhaca" {freeze, rPois} (You
                  | took it off an orc priest on level 4 of the Vaults)
 82761 | Vaults:4 | Noticed marklar909's illusion
 82781 | Vaults:4 | Killed Mara
 82782 | Vaults:4 | Reached skill level 18 in Conjurations
 84480 | Vaults:3 | Found Maikibu's Antique Armour Boutique.
 85061 | Vaults:3 | Bought a pair of heavily runed boots for 266 gold pieces
 85061 | Vaults:3 | Bought a glowing scarf for 224 gold pieces
 85062 | Vaults:3 | Identified the +0 pair of boots of Jewu {rPois} (You bought
                  | it in a shop on level 3 of the Vaults)
 85741 | Vaults:2 | Found a staircase to the Crypt.
 88086 | Vaults:2 | Gained mutation: You are clumsy. (Dex -2) [a shining eye]
 89081 | Vaults:2 | Learned a level 8 spell: Ignition
 89082 | Vaults:2 | Lost mutation: You are clumsy. (Dex -2) [potion of
                  | mutation]
 89082 | Vaults:2 | Gained mutation: Your flesh is heat resistant. (rF+)
                  | [potion of mutation]
 89082 | Vaults:2 | Gained mutation: You have sharp toenails. [potion of
                  | mutation]
 89851 | Vaults:1 | Reached XP level 22. HP: 185/185 MP: 43/43
 90293 | Vaults:1 | You fall into a shaft and drop 1 floor!
 90980 | Depths:1 | Entered Level 1 of the Depths
 90990 | Depths:1 | Gained mutation: You are dopey. (Int -2) [mutagenic glow]
 91008 | Depths:1 | Gained mutation: You occasionally shout uncontrollably at
                  | your foes. [mutagenic glow]
 91700 | Depths:1 | Lost mutation: You occasionally shout uncontrollably at
                  | your foes. [potion of mutation]
 91700 | Depths:1 | Gained mutation: You tend to lose your temper in combat.
                  | [potion of mutation]
 91700 | Depths:1 | Gained mutation: You are clumsy. (Dex -2) [potion of
                  | mutation]
 91700 | Depths:1 | Gained mutation: You passively map a small area around you.
                  | [potion of mutation]
 91700 | Depths:1 | Gained mutation: Your large and strong wings let you fly
                  | indefinitely. [potion of mutation]
 92067 | Depths:1 | Found a runed translucent door.
 92140 | Depths:1 | Found a one-way gate to the infinite horrors of the Abyss.
 92347 | Depths:1 | Found Yzufut's Magic Scroll Emporium.
 92354 | Depths:1 | Bought a scroll of teleportation for 51 gold pieces
 92354 | Depths:1 | Bought a scroll of identify for 34 gold pieces
 92354 | Depths:1 | Bought a scroll of teleportation for 51 gold pieces
 92354 | Depths:1 | Bought a scroll of blinking for 127 gold pieces
 92354 | Depths:1 | Bought a scroll of identify for 34 gold pieces
 92354 | Depths:1 | Bought a scroll of amnesia for 59 gold pieces
 92366 | Depths:1 | Found a gateway to a ziggurat.
 92773 | Depths:1 | Found a portal to a secret trove of treasure.
 93070 | Depths:1 | Found a roughly hewn altar of Beogh.
 93866 | Depths:2 | Found Sicudwoin's Magic Scroll Shop.
 93870 | Depths:2 | Bought a scroll of blinking for 150 gold pieces
 93870 | Depths:2 | Bought a scroll of magic mapping for 70 gold pieces
 93870 | Depths:2 | Bought a scroll of blinking for 150 gold pieces
 93870 | Depths:2 | Found Fusess's Antique Weapon Boutique.
 93941 | Depths:2 | Found a shimmering altar of Xom.
 94059 | Depths:2 | Found a glowing golden altar of the Shining One.
 94124 | Depths:2 | Reached skill level 5 in Staves
 96267 | Depths:3 | Found a one-way gate leading to the halls of Pandemonium.
 96702 | Depths:3 | Identified the +8 battleaxe "Maatatil" {drain, rF+}
 96764 | Depths:3 | Noticed an ancient lich
 96776 | Depths:3 | Killed an ancient lich
 98979 | Depths:3 | Reached XP level 23. HP: 61/195 MP: 44/44
101249 | Depths:4 | Identified the Almanac of Arcane Weapons and the Birds
101411 | Depths:4 | Found Gozag's Assorted Antiques.
101461 | Depths:4 | Found an opulent altar of Gozag.
101787 | Depths:4 | Found Gozag's Antique Armour Shoppe.
101795 | Depths:4 | Bought a glowing hat for 700 gold pieces
101807 | Depths:4 | Found Gozag's Antique Armour Emporium.
102074 | Depths:5 | Entered Level 5 of the Depths
102168 | Depths:5 | Reached skill level 10 in Fire Magic
102168 | Depths:5 | Noticed a juggernaut
102178 | Depths:5 | Killed a juggernaut
102179 | Depths:5 | Reached skill level 19 in Conjurations
102860 | Depths:5 | Noticed a caustic shrike
102863 | Depths:5 | Noticed a caustic shrike
102864 | Depths:5 | Noticed a caustic shrike
102866 | Depths:5 | Noticed a caustic shrike
102866 | Depths:5 | Noticed a caustic shrike
104618 | Depths:5 | Found a gate to the Realm of Zot.
104897 | Depths:5 | Killed a caustic shrike
104907 | Depths:5 | Slain by a caustic shrike

Illustrated notes

Levels and vault maps discovered:
D:1:      dpeg_arrival_ratfight, layout_loops_ring, minmay_misc_feat_tiny,
          nrook_loot_triangle, nemelex_diamond_rough_becter
D:2:      layout_loops_corners, uniq_crazy_yiuf_cottage, uniq_natasha
D:3:      layout_basic, lemuel_crystal_altar, minivault_19,
          grunt_gozag_breadcrumbs, uniq_terence, uniq_jessica
D:4:      layout_gridville, makhleb_grotto_becter, uniq_robin
D:5:      layout_rooms, minmay_temple_entry_nine_rooms, minmay_misc_feat_square
D:6:      cheibrodos_two_vegetables, layout_gridville, kennysheep_windowed_goal
D:7:      layout_loops_corners, okawaru_humans
D:8:      layout_loops_cross, cheibrodos_ashenzari_chains, kennysheep_mini_moat,
          serial_shops, shop, nicolae_dithmenos_through_a_glass_darkly
D:9:      layout_gridville, minitemple, lair_entry_dummy, enter_bailey_5,
          lightli_corner_chamber
D:10:     minmay_the_grid_square_5x5_4x4 [minmay_the_grid_square_5x5_longway,
          minmay_the_grid_square_5x5_checkered,
          minmay_the_grid_square_5x5_fancy_junction,
          minmay_the_grid_square_5x5_inset,
          minmay_the_grid_square_5x5_almost_minimal,
          minmay_the_grid_square_5x5_prize_gold,
          minmay_the_grid_square_5x5_prize_monsterx,
          minmay_the_grid_square_5x5_three_walls,
          minmay_the_grid_square_5x5_trominoes,
          minmay_the_grid_square_5x5_prize_open,
          minmay_the_grid_square_5x5_prize_waves,
          minmay_the_grid_square_5x5_three, minmay_the_grid_square_5x5_dogpile,
          minmay_the_grid_square_5x5_bracketed,
          minmay_the_grid_square_5x5_percent,
          minmay_the_grid_square_5x5_eight_small], layout_grid_maze
D:11:     layout_loops_ring, david_orc_4, minmay_misc_feat_encased
D:12:     minmay_opposing_rooms, layout_gridville, lemuel_altar_in_water,
          uniq_nessos
D:13:     layout_cave_pools
D:14:     layout_basic, grunt_vaults_entry_tiered, serial_shops, shop,
          minmay_crystal_room, chequers_serial_rivers_large_a
D:15:     grunt_enter_depths_snipers, layout_loops_corners, dk_noncrumbling_3
Temple:   jpeg_temple_clearing
Lair:1:   layout_long_grid, grunt_megastairs_3, lemuel_fruit_tree,
          serial_bayou_shore_b, serial_bayou_shore_b, lemuel_fruit_fields,
          uniq_prince_ribbit2, uniq_grum
Lair:2:   layout_chaotic_city, ldierk_geyser, lemuel_fruit_fields
Lair:3:   layout_loops_ring, spider_nest_entry_web_field, lemuel_fruit_fields
Lair:4:   layout_cave_pods, swamp_mist, kennysheep_snail_temple
Lair:5:   layout_concentric_octagons, st_stairs_10, minmay_another_anthill,
          grunt_megastairs_5, uniq_josephine
Lair:6:   evil_forest, layout_long_grid, dpeg_slime_entry_corner,
          infiniplex_staircase_pool, grunt_megastairs_4, lemuel_fruit_fields
Swamp:1:  layout_basic_swamp, evilmike_swamp_ruin_house_6
Swamp:2:  layout_basic_swamp, evilmike_swamp_ruin_house_1
Swamp:3:  layout_basic_swamp, ebering_ghost_disaster_area,
          infiniplex_staircase_pool_2, uniq_bai_suzhen
Swamp:4:  swamp_vile, layout_basic_swamp, swamp_pool5,
          nicolae_swamp_very_dense_foliage
Spider:1: layout_chambers, hangedman_spider_mandibles, drop_trap, uniq_aizul
Spider:2: layout_chambers, nicolae_crawler_farm
Spider:3: layout_chambers, hangedman_spider_tarantella_strand
Spider:4: grunt_spider_rune_parallel, uniq_arachne, uniq_louise
Orc:1:    nicolae_orc_accident_1, layout_caves, serial_shops, trog_book,
          uniq_erica, uniq_maurice
Orc:2:    st_orc_rangers, layout_caves, nicolae_volcano_entry_s_turn, uniq_urug,
          uniq_snorg, uniq_donald
Elf:1:    minmay_elf_arrival_summoners, layout_onion_city, serial_shops,
          nicolae_shop_window_shopping, hangedman_elf_represent, minivault_20,
          minivault_28, uniq_jorgrun
Elf:2:    layout_geoelf_grid, nicolae_elf_m_pinch
Elf:3:    minmay_elf_hall_quartered_circle, layout_rooms, serial_shops,
          nicolae_shop_trees
Vaults:1: nicolae_vaults_network_barrier, nicolae_vaults_octagons,
          nicolae_vaults_shelves_hall, hangedman_vaults_cutoff,
          nicolae_vaults_diagonal_hallway_9, v_rooms_6, v_misc_23,
          nicolae_vaults_twisting_passages, ontoclasm_vaults_misaligned,
          v_rooms_2, layout_vaults_omnibox
Vaults:2: v_pattern_2, nicolae_vaults_yaktaur_gun_rack, special_room_vaults
          [special_room_orc], ontoclasm_vaults_decontamination,
          layout_vaults_omnigrid, dummy_crypt_entry,
          portal_desolation_entry_ruin
Vaults:3: hangedman_vaults_river_flow, v_misc_29,
          nicolae_vaults_little_squares_4, v_misc_28,
          nicolae_vaults_big_angled_halls, v_misc_29,
          nicolae_vaults_big_angled_halls, ontoclasm_vaults_claustrophobia,
          st_octagons_1, nicolae_vaults_stairing_the_circle,
          hangedman_vaults_slice, layout_vaults_maze_bifur, serial_shops, shop
Vaults:4: nicolae_vaults_network_s, nicolae_vaults_network_periphery, v_misc_18,
          v_rooms_4, vaults_standard_mumra_lines, v_misc_27,
          nicolae_vaults_display_case, nicolae_vaults_theta,
          grunt_vaults_hallway_short, layout_vaults_chaotic_city, uniq_mara,
          uniq_margery, uniq_jory
Depths:1: layout_gridville, enter_ziggurat_a, serial_shops, shop,
          nicolae_abyss_entry_one_way_or_another, enter_trove_2,
          chequers_serial_rivers_small_3, pf_hell_entry_tar_river,
          chequers_decorated_corner, hangedman_abyss_or_decor_slice,
          lightli_church_of_beogh
Depths:2: due_chaos_kobolds, layout_gridlike, hell_entry, grunt_decor_junction,
          tso_altar, minmay_shoptagon
Depths:3: cheibrodos_cascadia, layout_gridlike, serial_aquarium,
          aquarium_bridge_straight [aquarium_subvault_bridge,
          aquarium_subvault_balcony, aquarium_subvault_bridge,
          aquarium_subvault_window], aquarium_bridge_long_joined
          [aquarium_subvault_wall, aquarium_subvault_wall,
          aquarium_subvault_balcony, aquarium_subvault_wall,
          aquarium_subvault_wall, aquarium_subvault_bridge], aquarium_window_1,
          aquarium_window_fake, aquarium_view_2a, aquarium_view_2e,
          rand_demon_pan_entry_5, hell_entry, nrook_campfire,
          minmay_misc_feat_hallway, infiniplex_staircase_9_rooms
Depths:4: kennysheep_gozag_temple, layout_cave_pools, hell_entry, abyss_entry,
          kennysheep_small_square
Depths:5: evilmike_zot_entry_hall, layout_gridlike, hell_entry, serial_sigils,
          serial_sigils_hangedman_gnaw, serial_sigils_hangedman_carve,
          serial_sigils_hangedman_leer, serial_sigils_hangedman_clutch,
          serial_sigils_hangedman_stare

Skill      XL: |  1  2  3  4  5  6  7  8  9 10 11 12 13 14 15 16 17 18 19 20 21 22 23 |
---------------+----------------------------------------------------------------------+-----
Conjurations   | 5 6 7 8 9 10 11 12 13 14 15 16 17 18 19 | 19.1
Stealth        | 2 3 4 5 |  5.7
Dodging        | 2 3 4 5 6 8 9 11 12 13 14 | 14.5
Spellcasting   | 3 4 5 6 7 8 9 10 11 12 13 14 15 16 17 | 17.7
Unarmed Combat | 1 2 |  2.9
Fighting       | 1 3 5 7 8 10 11 12 13 14 | 14.7
Shields        | 2 3 4 5 6 7 8 9 10 11 12 | 12.1
Air Magic      | 1 2 4 5 7 8 9 10 11 | 11.7
Translocations | 1 2 3 4 5 6 |  6.4
Evocations     | 1 2 5 6 |  6.6
Poison Magic   | 2 3 |  3.3
Fire Magic     | 1 3 4 6 7 8 9 10 | 10.4
Transmutations | 2 3 5 7 9 |  9.6
Staves         | 1 2 3 6 7 |  7.5
Earth Magic    | 1 2 5 7 9 |  9.6
Summonings     | 2 5 7 8 |  8.1

Action                   |  1- 3 |  4- 6 |  7- 9 | 10-12 | 13-15 | 16-18 | 19-21 | 22-24 || total
-------------------------+-------+-------+-------+-------+-------+-------+-------+-------++-------
Melee: Unarmed           |    11 |     9 |    22 |     9 |    81 |       |       |       ||   132
       Tailslap          |     1 |       |     3 |     1 |    13 |     2 |    18 |    34 ||    72
       Staff             |       |       |       |       |    45 |    30 |   132 |   310 ||   517
       Kick              |       |       |       |       |       |       |       |    35 ||    35
 Cast: Magic Dart        |    32 |    23 |    43 |     5 |       |       |       |       ||   103
       Searing Ray       |    22 |    45 |   108 |   186 |   256 |   114 |    84 |       ||   815
       Mephitic Cloud    |       |       |     4 |    15 |    14 |       |       |       ||    33
       Iskenderun's Myst |       |       |     3 |    38 |   119 |    98 |    42 |    10 ||   310
       Foxfire           |       |       |       |   204 |    21 |       |       |       ||   225
       Fulminant Prism   |       |       |       |     1 |     1 |     2 |       |       ||     4
       Ignite Poison     |       |       |       |     3 |    16 |       |       |       ||    19
       Blink             |       |       |       |     1 |       |     1 |       |       ||     2
       Fireball          |       |       |       |       |   226 |    89 |    23 |       ||   338
       Lightning Bolt    |       |       |       |       |     3 |       |       |       ||     3
       Conjure Ball Ligh |       |       |       |       |    70 |   258 |   293 |   203 ||   824
       Iron Shot         |       |       |       |       |     8 |    31 |    18 |    10 ||    67
       Orb of Destructio |       |       |       |       |       |    34 |    33 |   110 ||   177
       Spellforged Servi |       |       |       |       |       |     1 |    39 |    20 ||    60
       Statue Form       |       |       |       |       |       |       |     6 |    53 ||    59
 Abil: Breathe Noxious F |       |       |    10 |    22 |    16 |     2 |     1 |       ||    51
       Fly               |       |       |       |       |       |       |       |     1 ||     1
Evoke: Lightning rod     |       |       |       |     6 |    14 |     4 |     5 |       ||    29
       Wand              |       |       |       |     6 |     7 |     4 |     6 |       ||    23
       Phial of floods   |       |       |       |     1 |     2 |     1 |       |       ||     4
       Tin of tremorston |       |       |       |     2 |     5 |     5 |     4 |       ||    16
  Use: Scroll            |       |     5 |     9 |    13 |    12 |    12 |    15 |     8 ||    74
       Potion            |       |       |       |       |       |     4 |     7 |     1 ||    12
Armor: Skin              |     8 |    13 |    18 |    37 |   146 |   125 |    99 |   330 ||   776
Dodge: Dodged            |    21 |    41 |    57 |   113 |   261 |   190 |   183 |   351 ||  1217
Block: Buckler           |       |       |    28 |   115 |   119 |       |       |       ||   262
       Other             |       |       |     7 |       |       |       |       |       ||     7
       Reflection        |       |       |     7 |     7 |    55 |    24 |   115 |    76 ||   284
       Kite shield       |       |       |       |       |   237 |   319 |   454 |   613 ||  1623

Table legend: (Time is in decaauts)
 A = Elapsed time spent in this place.
 B = Non-inter-level travel time spent in this place.
 C = Inter-level travel time spent in this place.
 D = Time resting spent in this place.
 E = Time spent auto-exploring this place.
 F = Levels seen in this place.
 G = Mean time per level.
                   A        B        C        D        E       F      G
               +--------+--------+--------+--------+--------+-----+--------+
         Total | 106781 | 101338 |   5443 |  23901 |  62872 |  44 | 2426.8 |
       Dungeon |  29564 |  26900 |   2664 |   2881 |  20539 |  15 | 1970.9 |
        Temple |    120 |    111 |      9 |      0 |    111 |   1 |  120.0 |
          Lair |  14115 |  13238 |    877 |   2191 |   9344 |   6 | 2352.5 |
         Swamp |   7020 |   6797 |    223 |   2591 |   3447 |   4 | 1755.0 |
   Spider Nest |  10745 |  10418 |    327 |   2351 |   6690 |   4 | 2686.2 |
  Orcish Mines |   4798 |   4590 |    208 |   1402 |   2298 |   2 | 2399.0 |
   Elven Halls |  10543 |  10260 |    283 |   4526 |   4359 |   3 | 3514.3 |
        Vaults |  15044 |  14612 |    432 |   3400 |   8679 |   4 | 3761.0 |
        Depths |  14828 |  14411 |    417 |   4559 |   7403 |   5 | 2965.6 |
               +--------+--------+--------+--------+--------+-----+--------+

Top non-repeatable levels by time:
Depths:3: 5940 daAuts
   Elf:2: 5681 daAuts
Vaults:4: 5179 daAuts
Vaults:2: 4618 daAuts
    D:10: 4098 daAuts
  Lair:5: 3991 daAuts
     D:6: 3401 daAuts
Spider:3: 3229 daAuts
   Elf:1: 3158 daAuts
  Lair:4: 3081 daAuts
   Orc:2: 2944 daAuts
Spider:1: 2919 daAuts
Vaults:3: 2727 daAuts
  Lair:6: 2712 daAuts
    D:14: 2651 daAuts
